| TOP OF THE 1ST |
|
Tidewater Tides batting - Pitching for Rochester Red Wings : RHP Nelson Sanchez
|
|
Pitching: RHP Nelson Sanchez
|
|
|
Batting: RHB Anthony Lachowetz
|
0-0: Ball 1-0: Ball 2-0: Fly out, F8 (Flyball, 8RXD, EV 101.3 MPH)
|
|
Batting: RHB German Rivera
|
0-0: Ball 1-0: Foul Ball, location: 2F 1-1: Ground out 4-3 (Groundball, 4M, EV 100.0 MPH)
|
|
Batting: RHB Brad Komminsk
|
0-0: Ball 1-0: Ball 2-0: Ball 3-0: Called Strike 3-1: Base on Balls
|
|
Batting: LHB Dave Kable
|
0-0: Called Strike 0-1: Ball 1-1: Ball 2-1: Ball 3-1: Called Strike 3-2: Strikes out swinging
|
| Top of the 1st over - 0 runs, 0 hits, 0 errors, 1 left on base; Tidewater 0 - Rochester 0 |
| BOTTOM OF THE 1ST |
|
Rochester Red Wings batting - Pitching for Tidewater Tides : LHP Gustavo Santiago
|
|
Pitching: LHP Gustavo Santiago
|
|
|
Batting: RHB Gerry Davis
|
0-0: Ball 1-0: Ball 2-0: Called Strike 2-1: Swinging Strike 2-2: Strikes out swinging
|
|
Batting: SHB Jordan Ayala
|
0-0: Foul Ball, location: 2F 0-1: Ball 1-1: Ground out 6-3 (Groundball, 6, EV 87.5 MPH)
|
|
Batting: RHB Johnnie LeMaster
|
0-0: Ball 1-0: Swinging Strike 1-1: Ball 2-1: Foul Ball, location: 2F 2-2: Foul Ball, location: 2F 2-2: Ball 3-2: Foul Ball, location: 2F 3-2: DOUBLE (Line Drive, 9LM, EV 91.9 MPH)
|
|
Batting: RHB Joe Carter
|
0-0: Called Strike 0-1: Ball 1-1: Ground out 6-3 (Groundball, 6S, EV 86.3 MPH)
|
| Bottom of the 1st over - 0 runs, 1 hit, 0 errors, 1 left on base; Tidewater 0 - Rochester 0 |
| TOP OF THE 2ND |
|
Tidewater Tides batting - Pitching for Rochester Red Wings : RHP Nelson Sanchez
|
|
Batting: RHB Mike Rex
|
0-0: Ball 1-0: Foul Ball, location: 2F 1-1: Ball 2-1: Fly out, F8 (Flyball, 8RM, EV 75.6 MPH)
|
|
Batting: RHB George Gomez
|
0-0: Ball 1-0: Ball 2-0: Ball 3-0: Called Strike 3-1: Base on Balls
|
|
Batting: RHB Thomas Walker
|
0-0: Called Strike 0-1: Fly out, F7 (Line Drive, 7, EV 98.8 MPH)
|
|
Batting: SHB Julio Valdez
|
0-0: Foul Ball, location: 2F 0-1: Ball 1-1: Ball 2-1: Called Strike 2-2: Foul Ball, location: 2F 2-2: Fly out, F6 (Popup, 6MD, EV 40.6 MPH)
|
| Top of the 2nd over - 0 runs, 0 hits, 0 errors, 1 left on base; Tidewater 0 - Rochester 0 |
| BOTTOM OF THE 2ND |
|
Rochester Red Wings batting - Pitching for Tidewater Tides : LHP Gustavo Santiago
|
|
Batting: RHB Chris Johnston
|
0-0: Fly out, F6 (Flyball, 56D, EV 93.1 MPH)
|
|
Batting: RHB Edwin Agudelo
|
0-0: Ball 1-0: Called Strike 1-1: Swinging Strike 1-2: Hit by Pitch
|
|
Batting: LHB Ed Amelung
|
0-0: Swinging Strike 0-1: Foul Ball, location: 2F 0-2: Foul Ball, location: 2F 0-2: Ball 1-2: SINGLE (Groundball, 6D, EV 99.4 MPH) Edwin Agudelo to second
|
|
Batting: RHB Tom Brookens
|
0-0: Ball 1-0: Called Strike 1-1: Ball 2-1: Swinging Strike 2-2: Foul Ball, location: 2F 2-2: Foul Ball, location: 2F 2-2: Foul Ball, location: 2F 2-2: Ball 3-2: Fly out, F8 (Line Drive, 8RM, EV 90.0 MPH)
|
|
Batting: RHB Jerry Dybzinski
|
0-0: Ball 1-0: Foul Ball, location: 2F 1-1: Ground out U3 (Groundball, 3, EV 88.1 MPH)
|
| Bottom of the 2nd over - 0 runs, 1 hit, 0 errors, 2 left on base; Tidewater 0 - Rochester 0 |
| TOP OF THE 3RD |
|
Tidewater Tides batting - Pitching for Rochester Red Wings : RHP Nelson Sanchez
|
|
Batting: RHB Steve Liddle
|
0-0: Ball 1-0: SINGLE (Groundball, 6D, EV 105.6 MPH)
|
|
Batting: RHB Anthony Lachowetz
|
0-0: Fielders Choice at 2nd, 6-4 (Groundball, 6, EV 80.6 MPH)
|
|
Batting: RHB German Rivera
|
0-0: Ball 1-0: Called Strike 1-1: Called Strike 1-2: Strikes out swinging
|
|
Batting: RHB Brad Komminsk
|
0-0: Called Strike Anthony Lachowetz steals 2nd base 0-1: Ground out 3-1 (Groundball, 34, EV 86.9 MPH)
|
| Top of the 3rd over - 0 runs, 1 hit, 0 errors, 1 left on base; Tidewater 0 - Rochester 0 |
| BOTTOM OF THE 3RD |
|
Rochester Red Wings batting - Pitching for Tidewater Tides : LHP Gustavo Santiago
|
|
Batting: RHB Gerry Davis
|
0-0: Foul Ball, location: 2F 0-1: Ball 1-1: Fly out, F8 (Flyball, 89D, EV 98.1 MPH)
|
|
Batting: SHB Jordan Ayala
|
0-0: Foul Ball, location: 2F 0-1: Foul Ball, location: 2F 0-2: Ball 1-2: Fly out, F8 (Flyball, 8RXD, EV 105.0 MPH)
|
|
Batting: RHB Johnnie LeMaster
|
0-0: Ball 1-0: Foul Ball, location: 2F 1-1: Called Strike 1-2: Strikes out swinging
|
| Bottom of the 3rd over - 0 runs, 0 hits, 0 errors, 0 left on base; Tidewater 0 - Rochester 0 |
| TOP OF THE 4TH |
|
Tidewater Tides batting - Pitching for Rochester Red Wings : RHP Nelson Sanchez
|
|
Batting: LHB Dave Kable
|
0-0: Ball 1-0: Swinging Strike 1-1: Ball 2-1: Swinging Strike 2-2: Ball 3-2: SOLO HOME RUN (Flyball, 9D, EV 98.1 MPH), Distance : 362 ft
|
|
Batting: RHB Mike Rex
|
0-0: Foul Ball, location: 2F 0-1: SINGLE (Groundball, 6MD, EV 101.3 MPH)
|
|
Batting: RHB George Gomez
|
0-0: Called Strike 0-1: Ball 1-1: Ball 2-1: Ball 3-1: Foul Ball, location: 2F 3-2: Foul Ball, location: 2F 3-2: Fly out, F3 (Popup, 34S, EV 79.4 MPH)
|
|
Batting: RHB Thomas Walker
|
0-0: Ball 1-0: Called Strike 1-1: Foul Ball, location: 2F 1-2: Strikes out looking
|
|
Batting: SHB Julio Valdez
|
0-0: Called Strike 0-1: Ball 1-1: Called Strike 1-2: Foul Ball, location: 2F 1-2: Ball 2-2: Fly out, F9 (Flyball, 89M, EV 75.6 MPH)
|
| Top of the 4th over - 1 run, 2 hits, 0 errors, 1 left on base; Tidewater 1 - Rochester 0 |
| BOTTOM OF THE 4TH |
|
Rochester Red Wings batting - Pitching for Tidewater Tides : LHP Gustavo Santiago
|
|
Batting: RHB Joe Carter
|
0-0: Ground out 4-3 (Groundball, 4M, EV 104.4 MPH)
|
|
Batting: RHB Chris Johnston
|
0-0: Swinging Strike 0-1: Called Strike 0-2: Ball 1-2: Ball 2-2: SOLO HOME RUN (Flyball, 7D, EV 90.6 MPH), Distance : 364 ft
|
|
Batting: RHB Edwin Agudelo
|
0-0: DOUBLE (Line Drive, 89D, EV 103.8 MPH)
|
|
Batting: LHB Ed Amelung
|
0-0: Foul Ball, location: 2F 0-1: Foul Ball, location: 2F 0-2: Ball 1-2: SINGLE (Groundball, 56D, EV 95.0 MPH) Edwin Agudelo to third Runner from 3rd tries for Home, SAFE, throw by LF to home Ed Amelung to second
|
|
Batting: RHB Tom Brookens
|
0-0: Ball 1-0: DOUBLE (Line Drive, 78D, EV 105.0 MPH) Ed Amelung scores
|
|
Batting: RHB Jerry Dybzinski
|
0-0: Called Strike Tom Brookens steals 3rd base 0-1: Ball 1-1: Foul Ball, location: 2F 1-2: Ball 2-2: Ball 3-2: Foul Ball, location: 2F 3-2: Base on Balls
|
|
Batting: RHB Gerry Davis
|
0-0: Ball 1-0: Called Strike 1-1: Called Strike 1-2: Ball 2-2: Foul Ball, location: 2F 2-2: Foul Ball, location: 2F 2-2: Ball 3-2: Strikes out swinging
|
|
Batting: SHB Jordan Ayala
|
0-0: Ball Jerry Dybzinski is caught stealing 2nd base 2-4
|
| Bottom of the 4th over - 3 runs, 4 hits, 0 errors, 1 left on base; Tidewater 1 - Rochester 3 |
| TOP OF THE 5TH |
|
Tidewater Tides batting - Pitching for Rochester Red Wings : RHP Nelson Sanchez
|
|
Batting: RHB Steve Liddle
|
0-0: Called Strike 0-1: Ball 1-1: Foul Ball, location: 2F 1-2: Foul Ball, location: 2F 1-2: Foul Ball, location: 2F 1-2: Ball 2-2: Ball 3-2: Ground out 5-3 (Groundball, 56, EV 101.9 MPH)
|
|
Batting: RHB Anthony Lachowetz
|
0-0: Ball 1-0: Fly out, F8 (Flyball, 8RD, EV 91.3 MPH)
|
|
Batting: RHB German Rivera
|
0-0: Ball 1-0: Foul Ball, location: 2F 1-1: SINGLE (Groundball, 6D, EV 105.6 MPH)
|
|
Batting: RHB Brad Komminsk
|
0-0: Ball 1-0: Called Strike 1-1: SINGLE (Line Drive, 4D, EV 100.0 MPH) German Rivera to second
|
|
Batting: LHB Dave Kable
|
0-0: Swinging Strike 0-1: Called Strike 0-2: Strikes out looking
|
| Top of the 5th over - 0 runs, 2 hits, 0 errors, 2 left on base; Tidewater 1 - Rochester 3 |
| BOTTOM OF THE 5TH |
|
Rochester Red Wings batting - Pitching for Tidewater Tides : LHP Gustavo Santiago
|
|
Batting: SHB Jordan Ayala
|
0-0: Ball 1-0: Foul Ball, location: 2F 1-1: Reached via error on a dropped throw from 1B, E1 (Groundball, 34S, EV 89.4 MPH)
|
|
Batting: RHB Johnnie LeMaster
|
0-0: Ball 1-0: Ball 2-0: Grounds into double play, 6-4-3 (Groundball, 6, EV 101.9 MPH)
|
|
Batting: RHB Joe Carter
|
0-0: Called Strike 0-1: Ball 1-1: Swinging Strike 1-2: Strikes out swinging
|
| Bottom of the 5th over - 0 runs, 0 hits, 1 error, 0 left on base; Tidewater 1 - Rochester 3 |
| TOP OF THE 6TH |
|
Tidewater Tides batting - Pitching for Rochester Red Wings : RHP Nelson Sanchez
|
|
Batting: RHB Mike Rex
|
0-0: Ball 1-0: Ball 2-0: Foul Ball, location: 2F 2-1: Ball 3-1: Foul Ball, location: 2F 3-2: Foul Ball, location: 2F 3-2: Base on Balls
|
|
Batting: RHB George Gomez
|
0-0: Ball 1-0: Called Strike 1-1: Foul Ball, location: 2F 1-2: Ball 2-2: Ball 3-2: Ground out 5-3 (Groundball, 56, EV 81.3 MPH) Mike Rex to second
|
|
Batting: RHB Thomas Walker
|
0-0: Called Strike 0-1: Foul Ball, location: 2F 0-2: Ground out 4-3 (Groundball, 4, EV 88.1 MPH) Mike Rex to third
|
|
Batting: SHB Julio Valdez
|
0-0: Ball 1-0: Swinging Strike 1-1: Swinging Strike 1-2: Foul Ball, location: 2F 1-2: Ball 2-2: Ball 3-2: Foul Ball, location: 2F 3-2: TRIPLE (Flyball, 9D, EV 95.6 MPH) Mike Rex scores
|
|
Batting: RHB Steve Liddle
|
0-0: Called Strike 0-1: Called Strike 0-2: Ball 1-2: Foul Ball, location: 2F 1-2: Ball 2-2: Strikes out looking
|
| Top of the 6th over - 1 run, 1 hit, 0 errors, 1 left on base; Tidewater 2 - Rochester 3 |
| BOTTOM OF THE 6TH |
|
Rochester Red Wings batting - Pitching for Tidewater Tides : LHP Gustavo Santiago
|
|
Batting: RHB Chris Johnston
|
0-0: Foul Ball, location: 2F 0-1: Foul Ball, location: 2F 0-2: Foul Ball, location: 2F 0-2: Strikes out looking
|
|
Batting: RHB Edwin Agudelo
|
0-0: Ball 1-0: Foul Ball, location: 2F 1-1: Called Strike 1-2: Fly out, F7 (Line Drive, 7, EV 91.3 MPH)
|
|
Batting: LHB Ed Amelung
|
0-0: Ball 1-0: SINGLE (Line Drive, 78S, EV 91.9 MPH)
|
|
Batting: RHB Tom Brookens
|
0-0: Ball Ed Amelung steals 2nd base 1-0: Ground out 5-3 (Groundball, 56S, EV 69.4 MPH)
|
| Bottom of the 6th over - 0 runs, 1 hit, 0 errors, 1 left on base; Tidewater 2 - Rochester 3 |
| TOP OF THE 7TH |
|
Tidewater Tides batting - Pitching for Rochester Red Wings : RHP Nelson Sanchez
|
|
Batting: RHB Anthony Lachowetz
|
0-0: Called Strike 0-1: Swinging Strike 0-2: Foul Ball, location: 2F 0-2: Strikes out swinging
|
|
Batting: RHB German Rivera
|
0-0: Swinging Strike 0-1: SOLO HOME RUN (Flyball, 78XD, EV 102.5 MPH), Distance : 422 ft
|
|
Batting: RHB Brad Komminsk
|
0-0: Ball 1-0: Called Strike 1-1: Ball 2-1: Foul Ball, location: 2F 2-2: Strikes out swinging
|
|
Batting: LHB Dave Kable
|
0-0: SINGLE (Line Drive, 78S, EV 108.1 MPH)
|
|
Pitching: RHP Willie Mueller
|
|
|
Batting: RHB Mike Rex
|
0-0: Called Strike 0-1: Ball 1-1: Fly out, F9 (Flyball, 9, EV 96.9 MPH)
|
| Top of the 7th over - 1 run, 2 hits, 0 errors, 1 left on base; Tidewater 3 - Rochester 3 |
| BOTTOM OF THE 7TH |
|
Rochester Red Wings batting - Pitching for Tidewater Tides : LHP Gustavo Santiago
|
|
Batting: RHB Jerry Dybzinski
|
0-0: Ball 1-0: Ball 2-0: Ball 3-0: Base on Balls
|
|
Batting: RHB Gerry Davis
|
0-0: Ball 1-0: Ball 2-0: Called Strike 2-1: Foul Ball, location: 2F 2-2: Grounds into double play, 5-4-3 (Groundball, 56, EV 105.6 MPH)
|
|
Batting: SHB Jordan Ayala
|
0-0: Ball 1-0: Foul Ball, location: 2F 1-1: Foul Ball, location: 2F 1-2: Fly out, F9 (Flyball, 89S, EV 81.3 MPH)
|
| Bottom of the 7th over - 0 runs, 0 hits, 0 errors, 0 left on base; Tidewater 3 - Rochester 3 |
| TOP OF THE 8TH |
|
Tidewater Tides batting - Pitching for Rochester Red Wings : RHP Willie Mueller
|
|
Batting: RHB George Gomez
|
0-0: Ground out 6-3 (Groundball, 6, EV 80.0 MPH)
|
|
Batting: RHB Thomas Walker
|
0-0: Foul Ball, location: 2F 0-1: Ball 1-1: Foul Ball, location: 2F 1-2: Strikes out swinging
|
|
Batting: SHB Julio Valdez
|
0-0: Called Strike 0-1: Ball 1-1: Ground out 3-1 (Groundball, 34, EV 87.5 MPH)
|
| Top of the 8th over - 0 runs, 0 hits, 0 errors, 0 left on base; Tidewater 3 - Rochester 3 |
| BOTTOM OF THE 8TH |
|
Rochester Red Wings batting - Pitching for Tidewater Tides : LHP Gustavo Santiago
|
|
Batting: RHB Johnnie LeMaster
|
0-0: Called Strike 0-1: Ball 1-1: Swinging Strike 1-2: Strikes out swinging
|
|
Batting: RHB Joe Carter
|
0-0: Called Strike 0-1: Fly out, F5 (Line Drive, 5, EV 65.0 MPH)
|
|
Batting: RHB Chris Johnston
|
0-0: Swinging Strike 0-1: Foul Ball, location: 2F 0-2: Ball 1-2: Ball 2-2: Foul Ball, location: 2F 2-2: Strikes out swinging
|
| Bottom of the 8th over - 0 runs, 0 hits, 0 errors, 0 left on base; Tidewater 3 - Rochester 3 |
| TOP OF THE 9TH |
|
Tidewater Tides batting - Pitching for Rochester Red Wings : RHP Willie Mueller
|
|
Pitching: LHP Ray Searage
|
|
|
Batting: RHB Steve Liddle
|
0-0: Called Strike 0-1: Ball 1-1: Ball 2-1: Ball 3-1: Fly out, F4 (Popup, 4S, EV 70.0 MPH)
|
|
Batting: RHB Anthony Lachowetz
|
0-0: Foul Ball, location: 2F 0-1: Reached on error, E8 (Line Drive, 8LD, EV 86.9 MPH)
|
|
Batting: RHB German Rivera
|
0-0: Called Strike 0-1: Ball 1-1: Ball 2-1: Called Strike 2-2: Ball 3-2: Foul Ball, location: 2F 3-2: Foul Ball, location: 2F 3-2: Fly out, F8 (Flyball, 8LM, EV 91.9 MPH)
|
|
Batting: RHB Brad Komminsk
|
0-0: Intentional Walk
|
|
Pinch Hitting: RHB Juan Garcia
|
0-0: Ball 1-0: Ball 2-0: Fly out, F8 (Flyball, 8LM, EV 84.4 MPH)
|
| Top of the 9th over - 0 runs, 0 hits, 1 error, 2 left on base; Tidewater 3 - Rochester 3 |
| BOTTOM OF THE 9TH |
|
Rochester Red Wings batting - Pitching for Tidewater Tides : LHP Gustavo Santiago
|
|
Pitching: RHP Salome Barojas
|
|
|
Now at 1B: Thomas Anderson
|
|
|
Pinch Hitting: RHB Pat Casey
|
0-0: Ball 1-0: Ball 2-0: Foul Ball, location: 2F 2-1: Ball 3-1: Called Strike 3-2: Foul Ball, location: 2F 3-2: Ground out U3 (Groundball, 34S, EV 83.1 MPH)
|
|
Batting: LHB Ed Amelung
|
0-0: Ball 1-0: Ball 2-0: Swinging Strike 2-1: Foul Ball, location: 2F 2-2: Foul Ball, location: 2F 2-2: Fly out, F7 (Flyball, 7, EV 85.6 MPH)
|
|
Batting: RHB Tom Brookens
|
0-0: Fly out, F7 (Line Drive, 7, EV 95.6 MPH)
|
| Bottom of the 9th over - 0 runs, 0 hits, 0 errors, 0 left on base; Tidewater 3 - Rochester 3 |
| TOP OF THE 10TH |
|
Tidewater Tides batting - Pitching for Rochester Red Wings : LHP Ray Searage
|
|
Now at C: Dave Falcone
|
|
|
Batting: RHB Mike Rex
|
0-0: Swinging Strike 0-1: DOUBLE (Line Drive, 9LS, EV 102.5 MPH)
|
|
Batting: RHB George Gomez
|
0-0: Ball 1-0: Ball 2-0: Foul Ball, location: 2F 2-1: Fly out, F8 (Flyball, 89M, EV 93.8 MPH) Runner from 2nd tags up, SAFE at 3rd with throw by CF
|
|
Batting: RHB Thomas Walker
|
0-0: Intentional Walk
|
|
Batting: SHB Julio Valdez
|
0-0: Called Strike 0-1: Swinging Strike 0-2: Foul Ball, location: 2F 0-2: Strikes out swinging
|
|
Pitching: LHP Mac Scarce
|
|
|
Batting: RHB Steve Liddle
|
0-0: Called Strike 0-1: Swinging Strike 0-2: Foul Ball, location: 2F 0-2: Ball 1-2: Ball 2-2: Ball 3-2: Base on Balls Thomas Walker to second
|
|
Batting: RHB Anthony Lachowetz
|
0-0: Ball 1-0: Called Strike 1-1: Foul Ball, location: 2F 1-2: Strikes out swinging
|
| Top of the 10th over - 0 runs, 1 hit, 0 errors, 3 left on base; Tidewater 3 - Rochester 3 |
| BOTTOM OF THE 10TH |
|
Rochester Red Wings batting - Pitching for Tidewater Tides : RHP Salome Barojas
|
|
Pinch Hitting: RHB Marc Rhea
|
0-0: Called Strike 0-1: Foul Ball, location: 2F 0-2: Strikes out swinging
|
|
Batting: RHB Gerry Davis
|
0-0: Ball 1-0: Foul Ball, location: 2F 1-1: Called Strike 1-2: Strikes out swinging
|
|
Batting: SHB Jordan Ayala
|
0-0: Ball 1-0: Foul Ball, location: 2F 1-1: Foul Ball, location: 2F 1-2: Fly out, F8 (Line Drive, 8LM, EV 90.6 MPH)
|
| Bottom of the 10th over - 0 runs, 0 hits, 0 errors, 0 left on base; Tidewater 3 - Rochester 3 |
| TOP OF THE 11TH |
|
Tidewater Tides batting - Pitching for Rochester Red Wings : LHP Mac Scarce
|
|
Now at 3B: Marc Rhea
|
|
|
Batting: RHB German Rivera
|
0-0: Ground out 4-3 (Groundball, 4S, EV 90.6 MPH)
|
|
Batting: RHB Brad Komminsk
|
0-0: Called Strike 0-1: Swinging Strike 0-2: Ball 1-2: Fly out, F8 (Flyball, 8LD, EV 103.8 MPH)
|
|
Pinch Hitting: RHB Wayne Wilkerson
|
0-0: Foul Ball, location: 2F 0-1: Swinging Strike 0-2: Strikes out looking
|
| Top of the 11th over - 0 runs, 0 hits, 0 errors, 0 left on base; Tidewater 3 - Rochester 3 |
| BOTTOM OF THE 11TH |
|
Rochester Red Wings batting - Pitching for Tidewater Tides : RHP Salome Barojas
|
|
Now at 1B: Wayne Wilkerson
|
|
|
Pinch Hitting: RHB Bob Pate
|
0-0: Ball 1-0: Called Strike 1-1: Ball 2-1: Ball 3-1: Foul Ball, location: 2F 3-2: Strikes out looking
|
|
Batting: RHB Joe Carter
|
0-0: Called Strike 0-1: Ball 1-1: Called Strike 1-2: Ball 2-2: Ground out U3 (Groundball, 3, EV 88.1 MPH)
|
|
Pitching: RHP Steve Murray
|
|
|
Batting: RHB Chris Johnston
|
0-0: Called Strike 0-1: Ground out 6-3 (Groundball, 6, EV 110.0 MPH)
|
| Bottom of the 11th over - 0 runs, 0 hits, 0 errors, 0 left on base; Tidewater 3 - Rochester 3 |
| TOP OF THE 12TH |
|
Tidewater Tides batting - Pitching for Rochester Red Wings : LHP Mac Scarce
|
|
Now at 2B: Dave Miele
|
|
|
Batting: RHB Mike Rex
|
0-0: Called Strike 0-1: Ball 1-1: Foul Ball, location: 2F 1-2: Foul Ball, location: 2F 1-2: Foul Ball, location: 2F 1-2: Ball 2-2: Foul Ball, location: 2F 2-2: Ground out 4-3 (Groundball, 4S, EV 86.3 MPH)
|
|
Batting: RHB George Gomez
|
0-0: Ball 1-0: Called Strike 1-1: Foul Ball, location: 2F 1-2: Strikes out swinging
|
|
Batting: RHB Thomas Walker
|
0-0: Ground out 6-3 (Groundball, 6, EV 93.1 MPH)
|
| Top of the 12th over - 0 runs, 0 hits, 0 errors, 0 left on base; Tidewater 3 - Rochester 3 |
| BOTTOM OF THE 12TH |
|
Rochester Red Wings batting - Pitching for Tidewater Tides : RHP Steve Murray
|
|
Batting: LHB Dave Falcone
|
0-0: Swinging Strike 0-1: Swinging Strike 0-2: Strikes out swinging
|
|
Batting: LHB Ed Amelung
|
0-0: Foul Ball, location: 2F 0-1: Fly out, F7 (Flyball, 7LS, EV 86.9 MPH)
|
|
Batting: RHB Tom Brookens
|
0-0: Swinging Strike 0-1: Ball 1-1: Foul Ball, location: 2F 1-2: Strikes out swinging
|
| Bottom of the 12th over - 0 runs, 0 hits, 0 errors, 0 left on base; Tidewater 3 - Rochester 3 |
| TOP OF THE 13TH |
|
Tidewater Tides batting - Pitching for Rochester Red Wings : LHP Mac Scarce
|
|
Pitching: RHP Duane Theiss
|
|
|
Batting: SHB Julio Valdez
|
0-0: Fly out, F9 (Flyball, 9, EV 80.0 MPH)
|
|
Batting: LHB Mike Martin
|
0-0: Ball 1-0: Swinging Strike 1-1: Fly out, F5 (Line Drive, 5, EV 68.8 MPH)
|
|
Batting: RHB Anthony Lachowetz
|
0-0: Ball 1-0: Called Strike 1-1: Swinging Strike 1-2: Foul Ball, location: 2F 1-2: Foul Ball, location: 2F 1-2: Foul Ball, location: 2F 1-2: Ball 2-2: Ball 3-2: Base on Balls
|
|
Batting: RHB German Rivera
|
0-0: Ball 1-0: Called Strike 1-1: Ball Anthony Lachowetz steals 2nd base 2-1: Foul Ball, location: 2F 2-2: Fly out, F8 (Flyball, 89S, EV 92.5 MPH)
|
| Top of the 13th over - 0 runs, 0 hits, 0 errors, 1 left on base; Tidewater 3 - Rochester 3 |
| BOTTOM OF THE 13TH |
|
Rochester Red Wings batting - Pitching for Tidewater Tides : RHP Steve Murray
|
|
Batting: RHB Marc Rhea
|
0-0: Ball 1-0: Ball 2-0: Called Strike 2-1: Ball 3-1: Foul Ball, location: 2F 3-2: Foul Ball, location: 2F 3-2: Fly out, F9 (Flyball, 89D, EV 99.4 MPH)
|
|
Batting: RHB Gerry Davis
|
0-0: Ball 1-0: Called Strike 1-1: Swinging Strike 1-2: Strikes out looking
|
|
Batting: SHB Jordan Ayala
|
0-0: Ball 1-0: Ball 2-0: Ball 3-0: Base on Balls
|
|
Batting: RHB Dave Miele
|
0-0: Ball 1-0: Called Strike Jordan Ayala steals 2nd base 1-1: Fly out, F9 (Flyball, 9LM, EV 86.3 MPH)
|
| Bottom of the 13th over - 0 runs, 0 hits, 0 errors, 1 left on base; Tidewater 3 - Rochester 3 |
| TOP OF THE 14TH |
|
Tidewater Tides batting - Pitching for Rochester Red Wings : RHP Duane Theiss
|
|
Batting: RHB Brad Komminsk
|
0-0: Called Strike 0-1: Called Strike 0-2: Foul Ball, location: 2F 0-2: Ball 1-2: Foul Ball, location: 2F 1-2: Ball 2-2: Strikes out swinging
|
|
Batting: RHB Wayne Wilkerson
|
0-0: Called Strike 0-1: Swinging Strike 0-2: Foul Ball, location: 2F 0-2: Ball 1-2: Fly out, F8 (Flyball, 78D, EV 86.9 MPH)
|
|
Batting: RHB Mike Rex
|
0-0: Ball 1-0: TRIPLE (Line Drive, 78XD, EV 103.8 MPH)
|
|
Batting: RHB George Gomez
|
0-0: Intentional Walk
|
|
Batting: RHB Thomas Walker
|
0-0: Ball 1-0: Called Strike 1-1: Called Strike 1-2: Ground out 4-3 (Groundball, 4, EV 91.9 MPH)
|
| Top of the 14th over - 0 runs, 1 hit, 0 errors, 2 left on base; Tidewater 3 - Rochester 3 |
| BOTTOM OF THE 14TH |
|
Rochester Red Wings batting - Pitching for Tidewater Tides : RHP Steve Murray
|
|
Batting: RHB Joe Carter
|
0-0: Ball 1-0: SOLO HOME RUN (Flyball, 7D, EV 95.6 MPH), Distance : 376 ft
|
| Bottom of the 14th over - 1 run, 1 hit, 0 errors, 0 left on base; Tidewater 3 - Rochester 4 |
|